AoeStats
← ThunderboltX

Arabia

509628215Analyzed
1v1 RM · 5d ago on Sep 27, 2026· 34m 34s· 2 players
Game mode
Random Map
Map size
Tiny (2 player)
Population
200
Speed
Normal
Resources
Standard
Victory
Conquest
Starting age
Dark Age
Ending age
Imperial Age
RankedLock teamsTeams togetherTeam positionsShared explorationLock speedFull tech treeHidden civsTurbo modeCheats
Victory
Defeat
🇧🇬 Byzantines · Bulgaria
2402
+24
🇹🇷 Bohemians · Türkiye
2598
-24
KASVA
6:33 Loom
8:36 Feudal Age
10:02 Double-Bit Axe
23:03 Castle Age
21:23 Horse Collar
24:24 Fletching
25:25 Bodkin Arrow
27:16 Chemistry
27:49 Wheelbarrow
27:25 Fervor
29:06 Padded Archer Armor
ThunderboltX
5:40 Loom
8:17 Feudal Age
8:53 Double-Bit Axe
12:14 Fletching
18:27 Gold Mining
21:31 Castle Age
19:19 Horse Collar
20:20 Padded Archer Armor
22:16 Bodkin Arrow
21:42 Elite Skirmisher
22:51 Bow Saw
25:04 Leather Archer Armor
28:18 Sanctity
28:45 Wheelbarrow
34:43 Imperial Age
33:12 Ballistics
Connection lost

Rejoining the realm…

Still unreachable

The connection could not be restored.

Session expired

The server has moved on; the page needs a fresh start.